 Dungeon Crawl Stone Soup version 0.26.1-11-gd32895ea62 (webtiles) character file.

Game seed: 15341070796806096930

2501 Gerhazo the Destroyer (level 9, -7/62 HPs)
             Began as a Pale Draconian Conjurer on June 3, 2021.
             Mangled by a yak (9 damage)
             ... on level 7 of the Dungeon.
             The game lasted 00:08:52 (6414 turns).

Gerhazo the Destroyer (Pale Draconian Conjurer)     Turns: 6414, Time: 00:08:53

Health: -7/62      AC:  8    Str: 10    XL:     9   Next: 28%
Magic:  11/18      EV: 12    Int: 21    God:
Gold:   280        SH:  0    Dex: 10    Spells: 17/20 levels left

rFire    + . .     SeeInvis .   c - staff of fire (curse)
rCold    . . .     Faith    .   (no shield)
rNeg     . . .     Spirit   .   (armour unavailable)
rPois    .         Reflect  .   (helmet restricted)
rElec    .         Harm     .   (no cloak)
rCorr    .         Rampage  .   (no gloves)
Will     .....                  j - +0 pair of boots
Stlth    ++........             (no amulet)
HPRegen  0.20/turn              (no ring)
MPRegen  0.16/turn              (no ring)

@: lethally poisoned (-7 -> -9)
A: breathe steam, unfitting armour, cold-blooded, AC +7
a: Breathe Steam


You were on level 7 of the Dungeon.
You visited 2 branches of the dungeon, and saw 9 of its levels.

You collected 280 gold pieces.

Inventory:

Hand Weapons
 f - a +2 dagger of protection
 p - the +2 rapier of Greed {pain, *Slow rN++, unknown}
   (You found it on level 6 of the Dungeon)

   In the hands of one skilled in necromantic magic, it inflicts extra damage on
   living creatures.
   It greatly protects you from negative energy.
   It may slow you when you take damage.
Armour
 j - a +0 pair of boots (worn)
Magical Staves
 c - a cursed staff of fire (weapon)
Wands
 g - a wand of digging (7)
 i - a wand of polymorph (10)
 s - a wand of random effects (15)
Scrolls
 a - 2 scrolls of remove curse {unknown}
 b - 2 scrolls of blinking {unknown}
 e - 5 scrolls of identify {unknown}
 k - 2 scrolls of fog {unknown}
 l - a scroll of summoning {unknown}
 m - a scroll of noise {unknown}
 v - a scroll of random uselessness {unknown}
Potions
 d - 2 potions of curing {unknown}
 h - a potion of degeneration {unknown}
 n - 2 potions of berserk rage {unknown}
 o - a potion of brilliance {unknown}
 q - a potion of might {unknown}
 r - a potion of heal wounds {unknown}
 t - a potion of flight {unknown}
 u - a potion of cancellation {unknown}
 w - a potion of attraction {unknown}


   Skills:
 - Level 1.7 Dodging
 - Level 1.7 Stealth
 + Level 6.0 Spellcasting
 * Level 9.8 Conjurations
 * Level 6.8 Fire Magic


You had 17 spell levels left.
You knew the following spells:

 Your Spells              Type           Power        Failure   Level
a - Magic Dart            Conj           100%         1%          1
b - Searing Ray           Conj           94%          1%          2

Your spell library contained the following spells:

 Spells                   Type           Power        Failure   Level
 Dazzling Flash           Conj/Hex       52%          3%          3
 Fulminant Prism          Conj/Hex       13%          13%         4
 Iskenderun's Mystic Bla  Conj/Tloc      26%          13%         4


Dungeon Overview and Level Annotations

Branches:
Dungeon (8/15)             Temple (1/1) D:6
   Lair: D:8-11

Altars:
Ashenzari
Cheibriados
Dithmenos
Fedhas
Gozag
Hepliaklqana
Kikubaaqudgha
Makhleb
Nemelex Xobeh
Okawaru
Qazlal
Ru
Sif Muna
Trog
Uskayaw
Xom
Yredelemnul
Zin
The Shining One

Annotations:
D:7 3 runed translucent doors, manix's ghost, novice FoAM


Innate Abilities, Weirdness & Mutations

You can breathe blasts of scalding, opaque steam.
Your pale cyan-grey scales are hard. (AC +7)
You cannot fit into any form of body armour.
You are cold-blooded and may be slowed by cold attacks.


Message History

The searing ray hits the yak!
The yak is almost dead.
You feel sick. The yak gores you. The adder bites you but does no damage.
The yak closely misses you. The adder bites you but does no damage.
The yak gores you! The yak gores you but does no damage.
You climb upwards.
Level annotation: 3 runed translucent doors, manix's ghost, novice FoAM You feel sick.
There is a stone staircase leading down here.
You are too injured to fight recklessly!
The adder misses you. The yak completely misses you. The yak gores you!
* * * LOW HITPOINT WARNING * * *
The adder bites you but does no damage.
You hit the yak but do no damage.
The yak is almost dead.
The yak gores you!
* * * LOW HITPOINT WARNING * * *
The adder barely misses you. The yak gores you!
You die...

#.# ##.##.# #.##### #.##.#
#.#...# #.##.#
##.#.#.####.##.####
#########....#.............
#..........#...#.##.##.....
#.#######........##........
#.# ##SY.....#####..... #.#
#@..........#..... #.#
#.Y.....###....#.# #.#
##......(..(...(.. #.#
##...######...### #.# ##.##
##.>... #.# #.# #.#### #.#
#####.# #.# #.# #.....# #.#
#####.# #####.##### #.#


You could see 2 yaks and an adder.

Vanquished Creatures
  Grinder (D:4)
  3 yaks
  A black bear (D:5)
  An orc warrior (D:7)
  A sky beast (D:6)
  An eye of draining (D:5)
  3 ogres
  2 centaurs
  4 bullfrogs
  A wyvern zombie (D:6)
  A scorpion (D:6)
  3 howler monkeys (D:8)
  A bullfrog zombie (D:5)
  A quasit (D:4)
  A gnoll shaman (D:6)
  An orc priest (D:4)
  3 hounds
  2 jellies
  A bullfrog skeleton (D:7)
  An iguana (D:7)
  2 worker ants (D:4)
  A worker ant zombie (D:6)
  5 gnolls (D:6)
  5 adders
  2 river rats (D:6)
  A shadow imp (D:5)
  3 white imps
  2 oozes
  5 leopard geckos
  17 orcs
  3 ball pythons
  6 giant cockroaches
  3 goblins (D:1)
  5 hobgoblins
  4 jackals (D:6)
  9 kobolds
  2 quokkas
  2 bats (D:1)
  2 frilled lizards
  A quokka skeleton (D:6)
  A quokka zombie (D:5)
  5 rats
119 creatures vanquished.

Vanquished Creatures (others)
  An orc wizard (D:5)
1 creature vanquished.

Grand Total: 120 creatures vanquished

Notes
Turn   | Place    | Note
-------+----------+-------------------------------------------
     0 | D:1      | Gerhazo the Draconian Conjurer began the quest for the Orb.
     0 | D:1      | Reached XP level 1. HP: 14/14 MP: 3/3
   337 | D:1      | Reached XP level 2. HP: 20/20 MP: 1/5
   960 | D:1      | Learned a level 2 spell: Searing Ray
  1118 | D:3      | Reached XP level 3. HP: 26/26 MP: 3/6
  1406 | D:4      | Reached skill level 5 in Conjurations
  1406 | D:4      | Reached XP level 4. HP: 33/33 MP: 3/8
  1479 | D:4      | Noticed Grinder
  1567 | D:4      | Paralysed by Grinder for 4 turns
  1574 | D:4      | Paralysed by Grinder for 6 turns
  1799 | D:4      | Paralysed by Grinder for 2 turns
  1807 | D:4      | Killed Grinder
  1808 | D:4      | Reached skill level 6 in Conjurations
  1808 | D:4      | Reached XP level 5. HP: 38/38 MP: 1/10
  1886 | D:4      | Reached XP level 6. HP: 45/45 MP: 7/11
  2116 | D:4      | Found an ancient bone altar of Kikubaaqudgha.
  2508 | D:4      | Found a basalt altar of Yredelemnul.
  2826 | D:5      | Entered Level 5 of the Dungeon
  2826 | D:5      | Found a burning altar of Makhleb.
  2859 | D:5      | Reached skill level 7 in Conjurations
  2988 | D:5      | Your scales start taking on a pale cyan-grey colour.
  2988 | D:5      | Reached XP level 7. HP: 50/50 MP: 7/13
  3157 | D:5      | Reached skill level 1 in Fire Magic
  3671 | D:5      | Found a bloodstained altar of Trog.
  3910 | D:5      | Found a hide-covered altar of Uskayaw.
  4068 | D:6      | Found a staircase to the Ecumenical Temple.
  4080 | Temple   | Entered the Ecumenical Temple
  4351 | D:6      | Reached skill level 8 in Conjurations
  4363 | D:6      | Reached XP level 8. HP: 33/57 MP: 9/15
  4371 | D:6      | Reached skill level 5 in Spellcasting
  4496 | D:6      | Got a warped rapier
  4656 | D:6      | Reached skill level 5 in Fire Magic
  5024 | D:6      | Reached skill level 9 in Conjurations
  5024 | D:6      | Found a stormy altar of Qazlal.
  5026 | D:6      | Noticed an air elemental
  5500 | D:7      | Found a broken altar of Ashenzari.
  5877 | D:7      | Found a runed translucent gate.
  5877 | D:7      | Found a runed translucent gate.
  5877 | D:7      | Found a runed translucent gate.
  6092 | D:7      | Found a glowing golden altar of the Shining One.
  6221 | D:7      | Noticed manix's ghost (novice FoAM)
  6272 | D:8      | Reached XP level 9. HP: 62/62 MP: 12/17
  6414 | D:7      | HP: 2/62 [yak (10)]
  6414 | D:7      | Mangled by a yak

Illustrated notes

Levels and vault maps discovered:
D:1:      roderic_crop_circles_arrival_small, layout_loops_ring,
          minmay_misc_feat_secret_circle
D:2:      layout_rooms, lemuel_coloured_pillars_altar, minmay_misc_feat_rugged,
          kennysheep_cluttered_room, nrook_uturn, dk_yredelemnul_ordeal,
          uniq_jessica
D:3:      layout_loops_ring, nicolae_overflow_crystal_walls, uniq_terence
D:4:      layout_basic, lemuel_round_altar, general_overflow_altar, uniq_grinder
D:5:      layout_loops_cross, eat_drink_and_be_merry_uskayaw, basic_altar,
          trog_eyes_of_draining
D:6:      layout_cave_pools, nicolae_qazlal_style_of_elements,
          minmay_temple_entry_crystal_x, portal_sewer_entry_b
D:7:      layout_loops_ring, ashenzari_altar_1, old_standard_altar,
          gammafunk_ghost_icy
D:8:      layout_basic, enter_bailey_3
Temple:   dshaligram_water_room_temple

Skill      XL: |  1  2  3  4  5  6  7  8  9 |
---------------+----------------------------+-----
Conjurations   | 5 6 7 8 9 |  9.8
Spellcasting   | 3 4 5 6 |  6.0
Fire Magic     | 3 6 |  6.8
Dodging        | |  1.7
Stealth        | |  1.7

Action                   |  1- 3 |  4- 6 |  7- 9 || total
-------------------------+-------+-------+-------++-------
Melee: Unarmed           |     4 |       |       ||     4
       Mace              |     3 |       |       ||     3
       Tailslap          |     1 |       |       ||     1
       Dagger            |     4 |       |       ||     4
       Staff             |       |       |    12 ||    12
 Cast: Magic Dart        |    30 |       |       ||    30
       Searing Ray       |     8 |    27 |    50 ||    85
 Abil: Breathe Steam     |       |       |    12 ||    12
Armor: Skin              |    11 |     3 |    33 ||    47
Dodge: Dodged            |    11 |    11 |    72 ||    94
